 Dungeon Crawl Stone Soup version 0.30-b1-2-g02819fbbbe (webtiles) character file.

Game seed: 17285816074859955471

592 BewareTheStareOf the Grave Robber (level 7, -1/40 HPs)
             Began as a Deep Elf Necromancer on May 29, 2023.
             Was an Initiate of Nemelex Xobeh.
             Killed by an exploding dart slug (41 damage)
             ... ignited by their inner flame
             ... on level 5 of the Dungeon.
             The game lasted 00:28:56 (5139 turns).

BewareTheStareOf the Grave Robber (DENe)            Turns: 5139, Time: 00:28:57

Health: -1/40      AC:  3    Str: 11      XL:     7   Next: 16%
Magic:  12/16      EV: 13    Int: 22      God:    Nemelex Xobeh [......]
Gold:   255        SH:  0    Dex: 13 (15) Spells: 4/16 levels left

rFire   . . .        h - +0 dagger (flame)
rCold   . . .        (no shield)
rNeg    . . .        a - +0 robe
rPois   .            (no helmet)
rElec   .            m - scarf {+Inv}
rCorr   .            o - +0 pair of gloves
SInv    .            (no boots)
Will    +....        (no amulet)
Stlth   ++           A - +6 ring of strength
HPRegen 0.26/turn    x - ring of willpower
MPRegen 0.15/turn

%: no passive effects
@: no status effects
A: no striking features
a: Renounce Religion, Evoke Invisibility, Draw Escape, Draw Destruction, Draw
Summoning


You were on level 5 of the Dungeon.
You worshipped Nemelex Xobeh.
Nemelex Xobeh was noncommittal.
You visited 2 branches of the dungeon, and saw 6 of its levels.

You collected 255 gold pieces.

Inventory:

Hand Weapons
 h - a +0 dagger of flaming (weapon)
 s - a +0 whip of electrocution
Armour
 a - a +0 robe (worn)
 m - a scarf of invisibility (worn)
 o - a +0 pair of gloves (worn)
Jewellery
 w - a ring of ice
 x - a ring of willpower (right hand)
 y - a ring of protection from fire
 A - a +6 ring of strength (left hand)
Wands
 l - a wand of charming (5)
 r - a wand of mindburst (15)
Scrolls
 d - 2 scrolls of amnesia
 e - a scroll of blinking
 i - 2 scrolls of brand weapon
 k - a scroll of fear
 q - a scroll of summoning
 t - a scroll of teleportation {unknown}
 u - a scroll of enchant armour
 z - a scroll of poison {unknown}
Potions
 b - a potion of magic
 c - 2 potions of heal wounds
 f - a potion of invisibility
 g - 2 potions of mutation
 j - 2 potions of attraction
 n - a potion of curing
 p - a potion of degeneration {unknown}
 v - a potion of berserk rage {unknown}


   Skills:
 + Level 2.6 Fighting
 - Level 4.0 Dodging
 - Level 2.4 Stealth
 + Level 5.3 Spellcasting
 * Level 3.8 Hexes
 + Level 6.0 Necromancy
 * Level 3.1 Fire Magic


You had 4 spell levels left.
You knew the following spells:

 Your Spells              Type           Power      Damage    Failure   Level
a - Necrotise             Necr           100%       1d9       1%          1
b - Vampiric Draining     Necr           32%        2d8       2%          3
c - Agony                 Necr           32%        N/A       24%         5
d - Inner Flame           Hex/Fire       21%        N/A       7%          3

Your spell library contained the following spells:

 Spells                   Type           Power      Damage    Failure   Level
 Tukima's Dance           Hex            22%        N/A       6%          3
 Animate Dead             Necr           32%        N/A       9%          4
 Portal Projectile        Hex/Tloc       28%        N/A       14%         3
 Yara's Violent Unravell  Hex/Tmut       7%         3d5       77%         5
 Blade Hands              Tmut           2%         N/A       95%         5
 Enfeeble                 Hex            11%        N/A       100%        7


Dungeon Overview and Level Annotations

Branches:
Dungeon (5/15)             Temple (1/1) D:4

Altars:
Ashenzari
Hepliaklqana
Makhleb
Nemelex Xobeh
Qazlal
Trog
Uskayaw
Vehumet
Wu Jian
Xom
Yredelemnul
Zin

Annotations:
D:5 Grinder


Message History

Aiming: Vampiric Draining (dangerous; 2% risk of failure)
Press: ? - help, Shift-Dir - straight line, f/p - bullfrog
Aim: a bullfrog (almost dead)
You draw life force from the bullfrog!
You kill the bullfrog!
You feel your dexterity returning.
Your Necromancy skill increases to level 6!
Your Fire Magic skill increases to level 3!
Casting: Vampiric Draining (dangerous; 2% risk of failure)
Confirm with . or Enter, or press ? or * to list all spells.
Aiming: Inner Flame (dangerous; 7% risk of failure)
Press: ? - help, Dir - move target You can't see anything there.
Okay, then.
Key pressed, stopping explore.
You see here a bullfrog corpse.
You open the door.
There is an open door here.
Found 7 stones.
As you open the door, it creaks loudly!
There is an open door here.
A dart slug comes into view.
The dart slug moves out of view.
Found an escape hatch in the ceiling.
There is an escape hatch in the ceiling here.
There is an escape hatch in the ceiling here.
A dart slug is nearby!
Casting: Inner Flame (dangerous; 7% risk of failure)
Confirm with . or Enter, or press ? or * to list all spells.
Aiming: Inner Flame (dangerous; 7% risk of failure)
Press: ? - help, Dir - move target, f - dart slug
Aim: a dart slug (wandering, hasn't noticed you, chance to affect: 88%)
The dart slug is filled with an inner flame.
The dart slug writhes in agony.
Flame seeps out of the dart slug.
The dart slug is engulfed in blazing flames.
The dart slug explodes!
The fiery explosion engulfs you!!!
Ouch! That really hurt!
You die...
Your body disappears without a glow.

##'## # ##.
#######.# # ...
#.......# # #.
#.####..## # .. #.#
##...#### #
.##.###.......# #
.#§#.......<.# #
##○§#.##..#...#####
#.@...##.##........
#.##.####.##########
## #......# ########


There were no monsters in sight!

Vanquished Creatures
  Eustachio (D:5)
  A black bear (D:4)
  A bullfrog (D:5)
  3 orc priests
  3 orc wizards
  4 adders
  5 dart slugs
  14 orcs
  13 ball pythons
  6 bats
  6 endoplasms
  3 giant cockroaches (D:1)
  7 goblins
  7 hobgoblins
  A quokka (D:1)
  A frilled lizard (D:2)
  2 kobolds
  5 rats
83 creatures vanquished.

Vanquished Creatures (collateral kills)
  2 orcs (D:3)
  An endoplasm (D:4)
  A goblin (D:1)
  A frilled lizard (D:1)
  A rat (D:3)
6 creatures vanquished.

Grand Total: 89 creatures vanquished

Notes
Turn   | Place    | Note
-------+----------+-------------------------------------------
     0 | D:1      | BewareTheStareOf the Deep Elf Necromancer began the quest
                  | for the Orb.
     0 | D:1      | Reached XP level 1. HP: 10/10 MP: 6/6
   288 | D:1      | Reached skill level 5 in Necromancy
   288 | D:1      | Reached XP level 2. HP: 16/16 MP: 6/8
   647 | D:1      | Reached XP level 3. HP: 20/20 MP: 1/10
   651 | D:1      | Learned a level 3 spell: Vampiric Draining
   665 | D:1      | Found a faded altar of an unknown god.
   796 | D:1      | Reached skill level 1 in Fighting
   870 | D:1      | You fall into a shaft and drop 1 floor!
   967 | D:2      | Reached XP level 4. HP: 17/25 MP: 1/11
  2452 | D:3      | Reached XP level 5. HP: 17/30 MP: 5/13
  2815 | D:3      | Learned a level 5 spell: Agony
  2855 | D:3      | Learned a level 3 spell: Inner Flame
  3057 | D:3      | Reached skill level 1 in Hexes
  3200 | D:3      | Reached skill level 1 in Fire Magic
  3524 | D:4      | Noticed a black bear
  3536 | D:4      | Killed a black bear
  3537 | D:4      | Reached XP level 6. HP: 32/35 MP: 2/15
  3963 | D:4      | Found a staircase to the Ecumenical Temple.
  3985 | Temple   | Entered the Ecumenical Temple
  3989 | Temple   | Became a worshipper of Nemelex Xobeh the Trickster
  4421 | D:5      | Entered Level 5 of the Dungeon
  4479 | D:5      | Noticed Grinder
  4548 | D:5      | Found a hide-covered altar of Uskayaw.
  4550 | D:5      | Found a basalt altar of Yredelemnul.
  4553 | D:5      | Found a bloodstained altar of Trog.
  4675 | D:5      | Noticed Eustachio
  4809 | D:5      | Killed Eustachio
  4810 | D:5      | Reached skill level 5 in Spellcasting
  4810 | D:5      | Reached XP level 7. HP: 27/40 MP: 0/16
  5001 | D:5      | Reached skill level 6 in Necromancy
  5139 | D:5      | Killed by an exploding dart slug... ignited by their inner
                  | flame

Illustrated notes

Levels and vault maps discovered:
D:1:      minmay_arrival_diagonal_passages, layout_loops_ring,
          nicolae_ecumenical_snake_handling, hex_tiny, corexii_corridor_pit,
          nrook_uturn, chequers_serial_rivers_small_a, st_stairs_4
D:2:      layout_loops_cross, serial_rivers, chequers_serial_rivers_micro_b,
          chequers_serial_rivers_large_a, chequers_serial_rivers_room_a,
          chequers_serial_rivers_large_b, chequers_serial_rivers_room_b
D:3:      layout_loops_ring
D:4:      layout_cave_pods, minmay_temple_entry_nine_rooms,
          minmay_misc_feat_cross, chequers_serial_rivers_room_b
D:5:      layout_loops_corners, lemuel_coloured_pillars_altar,
          grunt_temple_overflow_diamond, item_on_display_a, uniq_grinder,
          uniq_eustachio
Temple:   zaba_magenta_temple

Skill      XL: |  1  2  3  4  5  6  7 |
---------------+----------------------+-----
Necromancy     | 5 6 |  6.0
Dodging        | 3 4 |  4.0
Fighting       | 1 2 |  2.6
Spellcasting   | 4 5 |  5.3
Hexes          | 2 3 |  3.8
Fire Magic     | 1 2 3 |  3.1
Stealth        | |  2.4

Action                     |  1- 3 |  4- 6 |  7- 9 || total
---------------------------+-------+-------+-------++-------
  Melee: Dagger            |     4 |     2 |       ||     6
         Unarmed           |     1 |       |       ||     1
   Cast: Necrotise         |    40 |    79 |     6 ||   125
         Vampiric Draining |     4 |    14 |     3 ||    21
         Inner Flame       |       |       |     1 ||     1
    Use: Scroll            |     1 |     8 |       ||     9
         Potion            |       |     2 |       ||     2
 Armour: Robe              |     6 |    16 |       ||    22
  Dodge: Dodged            |    19 |    31 |     3 ||    53
